 Dungeon Crawl Stone Soup version 0.31-a0-702-gf82c85558f (webtiles) character file.

Game seed: 11098618130616716867

105 qw the Shooter (level 4, -3/28 HPs)
             Began as a Gargoyle Hunter on Sept 7, 2023.
             Frozen to death by an endoplasm (4 damage)
             ... on level 3 of the Dungeon.
             The game lasted 00:00:50 (2070 turns).

qw the Shooter (Gargoyle Hunter)                    Turns: 2070, Time: 00:00:50

Health: -3/28      AC: 10    Str: 15    XL:     4   Next: 83%
Magic:  4/4        EV: 11    Int:  9    God:
Gold:   113        SH:  0    Dex: 15    Spells: 3/3 levels left

rFire   . . .        Y - +0 shortbow
rCold   . . .        (shield currently unavailable)
rNeg    + . .        f - +0 ring mail
rPois   inf          c - +2 hat
rElec   +            (no cloak)
rCorr   .            (no gloves)
SInv    .            (no boots)
Will    .....        (no amulet)
Stlth   +            (no ring)
HPRegen 0.24/turn    (no ring)
MPRegen 0.09/turn

%: no passive effects
@: no status effects
A: sickness immunity, AC +3, negative energy resistance 1, electricity
resistance, torment resistance 1, petrification resistance
a: no special abilities


You were on level 3 of the Dungeon.
You visited 1 branch of the dungeon, and saw 3 of its levels.

You collected 113 gold pieces.


Innate Abilities, Weirdness & Mutations

You are immune to sickness and miasma.
Your stone body is resilient. (AC +3)
You are immune to poison.
You resist negative energy. (rN+)
You are resistant to electric shocks. (rElec)
You are resistant to unholy torment.
You are immune to petrification.


   Skills:
 - Level 3.0 Fighting
 + Level 5.5 Ranged Weapons
 - Level 1.0 Armour
 - Level 1.5 Dodging
 - Level 1.1 Stealth


You had 3 spell levels left.
You didn't know any spells.
Your spell library was empty.

Inventory:

Hand Weapons
 Y - a +0 shortbow (weapon)
Armour
 c - a +2 hat (worn)
 f - a +0 ring mail (worn)
Potions
 a - a potion of mutation {unknown}
 b - a potion of haste {unknown}
 d - a potion of heal wounds {unknown}
 e - a potion of curing {unknown}
 i - a potion of enlightenment {unknown}

Dungeon Overview and Level Annotations

Branches:
Dungeon (3/15)

Altars:
Cheibriados

Annotations:
D:3 Terence


Message History

The arrow hits Terence but does no damage.
Terence is moderately wounded.
Terence hits you but does no damage.
You shoot an arrow. The arrow hits Terence.
Terence is heavily wounded.
Terence closely misses you.
You shoot an arrow. The arrow hits Terence.
Terence is severely wounded.
Terence hits you but does no damage.
You shoot an arrow. The arrow hits Terence.
Terence is severely wounded.
Terence barely misses you. The endoplasm freezes you.
You are frozen.
Terence hits you with a +0 short sword. The endoplasm misses you.
You shoot an arrow. The arrow hits Terence.
Terence is severely wounded.
The kobold barely misses you. Terence hits you with a +0 short sword.
The endoplasm jiggles.
The endoplasm hits you but does no damage.
You shoot an arrow. The arrow hits Terence.
Terence is almost dead.
The kobold closely misses you. Terence closely misses you.
The endoplasm hits you but does no damage.
You shoot an arrow. The arrow closely misses Terence.
The kobold closely misses you. The endoplasm freezes you.
You are frozen.
Terence barely misses you.
You shoot an arrow. The arrow barely misses Terence.
The kobold hits you but does no damage. Terence hits you but does no damage.
The endoplasm hits you. Terence hits you with a +0 short sword.
The endoplasm freezes you.
You are frozen.
The kobold hits you with a +0 short sword.
You shoot an arrow. The arrow hits Terence.
Terence is almost dead.
The kobold barely misses you. The endoplasm freezes you.
You are frozen.
You die...

...####......# #
.............# #
##....%###########
#................
##....############
#...%........
#.....#####..
#.....# #@....#
#...J@K...#
#>.........'..
###.#.#....#..
...#.#....#.. +##
#. ...#..


BBS #. ....... ~BB #. ...###. You could see Terence, an adder, an endoplasm, 4
giant cockroaches and a kobold.

Vanquished Creatures
  Robin (D:3)
  A gnoll (D:2)
  A worm (D:2)
  A dart slug (D:1)
  4 orcs (D:3)
  3 ball pythons
  4 bats
  4 endoplasms
  2 giant cockroaches (D:2)
  12 goblins
  7 hobgoblins
  6 jackals
  4 quokkas
  4 frilled lizards
  8 kobolds
  3 rats
65 creatures vanquished.

Notes
Turn   | Place    | Note
-------+----------+-------------------------------------------
     0 | D:1      | qw the Gargoyle Hunter began the quest for the Orb.
     0 | D:1      | Reached XP level 1. HP: 12/12 MP: 1/1
     0 | D:1      | 0 ||| qw: Version: 0.3-a-76-g4403597
     0 | D:1      | 0 ||| qw: Game counter: 917
     0 | D:1      | 0 ||| qw: Melee chars always use a shield: true
     0 | D:1      | 0 ||| qw: God list: Okawaru
     0 | D:1      | 0 ||| qw: Allow faded altars: false
     0 | D:1      | 0 ||| qw: Do Orc after clearing Dungeon:15 true
     0 | D:1      | 0 ||| qw: Do second Lair branch before Depths: true
     0 | D:1      | 0 ||| qw: Lair rune preference: random
     0 | D:1      | 0 ||| qw: Goals: Normal
     0 | D:1      | 0 ||| PLANNING D:1-11
    20 | D:1      | HP: 2/12 [hobgoblin (3)]
   139 | D:1      | Reached XP level 2. HP: 17/17 MP: 2/2
   332 | D:1      | Reached XP level 3. HP: 14/21 MP: 3/3
   481 | D:1      | Reached skill level 5 in Ranged Weapons
   970 | D:1      | 970 ||| UPGRADING to +0 ring mail.
   980 | D:1      | 980 ||| DROPPING +0 leather armour.
   981 | D:1      | 981 ||| READING scroll labelled FUSKUD WOIXA.
   982 | D:1      | 982 ||| READING scroll labelled GONNAO HEAGITS.
   983 | D:1      | 983 ||| DROPPING scroll of butterflies.
  1145 | D:2      | 1145 ||| Stepping ~*~*~tactically~*~*~ (outnumbered).
  1150 | D:2      | Reached skill level 1 in Armour
  1317 | D:2      | Reached XP level 4. HP: 27/27 MP: 4/4
  1320 | D:2      | Reached skill level 3 in Fighting
  1719 | D:2      | 1719 ||| UPGRADING to +2 hat.
  1724 | D:2      | 1724 ||| READING scroll labelled ITAOPAVVOGAE.
  1750 | D:3      | Found a faded altar of an unknown god.
  1751 | D:3      | 1751 ||| PLANNING SEWER
  1818 | D:3      | Noticed Robin
  1819 | D:3      | 1819 ||| Stepping ~*~*~tactically~*~*~ (retreating).
  1871 | D:3      | Killed Robin
  1880 | D:3      | HP: 6/28 [goblin/+0 club[Robin] (2)]
  1885 | D:3      | HP: 4/28 [goblin/+0 club[Robin] (1)]
  1890 | D:3      | HP: 3/28 [goblin/+0 club[Robin] (1)]
  2014 | D:3      | Found a snail-covered altar of Cheibriados.
  2056 | D:3      | Noticed Terence
  2069 | D:3      | HP: 7/28 [Terence/+0 short sword (4)]
  2069 | D:3      | HP: 3/28 [frozen (4)]
  2069 | D:3      | HP: 1/28 [kobold/+0 short sword (2)]
  2070 | D:3      | Frozen to death by an endoplasm

Levels and vault maps discovered:
D:1:      erik_arrival_orb_chamber, layout_loops_ring, serial_rivers,
          chequers_serial_rivers_small_3, chequers_serial_rivers_marsh,
          chequers_serial_rivers_small_b, chequers_serial_rivers_micro_d,
          chequers_serial_rivers_large_a, chequers_serial_rivers_micro_b
D:2:      layout_loops_ring, cheibrodos_gnoll_hut
D:3:      gammafunk_wand_slinger, layout_basic, cheibriados_altar_1,
          hellmonk_ghost_happy_afterlife, nicolae_ecumenical_pavilion,
          gup_sewer_entry_glass, uniq_terence, uniq_robin

Skill      XL: |  1  2  3  4 |
---------------+-------------+-----
Ranged Weapons | 5 |  5.5
Armour         | 1 |  1.0
Fighting       | 3 |  3.0
Dodging        | |  1.5
Stealth        | |  1.1

Action                     |  1- 3 |  4- 6 || total
---------------------------+-------+-------++-------
   Fire: Shortbow          |   141 |    99 ||   240
    Use: Scroll            |     2 |     1 ||     3
 Armour: Leather armour    |    39 |       ||    39
         Ring mail         |    14 |    68 ||    82
  Dodge: Dodged            |    65 |    48 ||   113

Table legend:
 A = Non-vault XP
 B = Vault XP
 C = Vault XP percentage of total XP
 D = Non-vault monster count
 E = Vault monster count
 F = Vault count percentage of total count
                 A         B        C        D         E       F
            +---------+---------+-------+---------+---------+-------
      Total |      97 |      54 |  35.8 |      51 |      14 |  21.5
            +---------+---------+-------+---------+---------+-------
        D:1 |      47 |       0 |   0.0 |      26 |       0 |   0.0
        D:2 |      29 |      19 |  39.6 |      16 |       3 |  15.8
        D:3 |      21 |      35 |  62.5 |       9 |      11 |  55.0
            +---------+---------+-------+---------+---------+-------
